Map: [ESL] Hardwire

Players

DRG

  • Race: Zerg Zerg

Creator - Winner!

  • Race: Protoss Protoss

Event: IEM Katowice 2022

VOD

Have the link to the VOD?

Description

Time

  • Played on: Feb. 23, 2022, 8:28 a.m.
  • Length: 10:10

All games in this series

Show
View Real Time Build Order
Export as new Build Order

DRG Zerg 

Build Orders: Hatch First 

Get SALT Encoding   

  12  0:00  Drone  
  13  0:11  Overlord  
  13  0:16  Drone  
  14  0:30  Drone x2  
  14  0:33  Drone  
  17  0:51  Hatchery  
  17  0:54  Drone  
  17  0:57  Drone  
  18  1:08  Extractor  
  17  1:12  Spawning Pool  
  17  1:15  Drone  
  17  1:19  Drone  
  18  1:28  Drone  
  19  1:39  Drone  
  20  1:47  Hatchery  
  20  1:50  Drone  
  20  1:59  Drone  
  21  2:04  Zergling x2  
  21  2:05  Queen  
  24  2:14  Drone, Metabolic Boost  
  25  2:21  Overlord  
  25  2:29  Queen  
  25  2:33  Drone  
  28  2:40  Zergling x2  
  28  2:41  Drone, Zergling x2  
  32  2:44  Drone  
  32  2:47  Drone  
  33  2:51  Queen  
  33  2:54  Drone  
  36  2:59  Drone  
  36  3:01  Drone  
  38  3:05  Queen  
  38  3:11  Overlord  
  40  3:13  Drone  
  40  3:17  Drone  
  40  3:18  Overlord  
  42  3:23  Overlord  
  42  3:30  Queen  
  42  3:31  Drone x2  
  42  3:32  Drone  
  47  3:35  Drone  
  47  3:38  Overlord  
  48  3:43  Drone x3  
  48  3:46  Drone x2  
  52  3:52  Spore Crawler  
  52  3:53  Spore Crawler  
  52  3:54  Zergling x4  
  52  3:58  Overlord  
  52  4:02  Drone x2  
  54  4:05  Drone x2  
  54  4:09  Queen  
  58  4:12  Drone x2  
  58  4:15  Overlord  
  60  4:17  Drone x2  
  60  4:22  Overlord  
  62  4:24  Drone x2  
  62  4:25  Drone x2  
  62  4:27  Drone  
  62  4:29  Drone x2  
  69  4:33  Roach Warren  
  69  4:36  Zergling x2  
  69  4:37  Zergling x2  
  71  4:38  Drone  
  71  4:41  Drone  
  71  4:44  Drone  
  71  4:45  Drone x2  
  74  4:50  Spore Crawler  
  74  4:51  Lair  
  74  4:52  Drone x2  
  75  4:54  Extractor x2  
  75  4:56  Extractor  
  72  5:00  Drone x3  
  72  5:01  Drone x2  
  72  5:03  Drone  
  72  5:04  Drone  
  72  5:06  Drone  
  80  5:14  Hatchery  
  80  5:15  Drone  
  80  5:16  Drone x2  
  80  5:20  Drone, Extractor  
  82  5:22  Extractor  
  82  5:25  Drone x2  
  82  5:27  Drone x6  
  89  5:32  Evolution Chamber  
  89  5:35  Overlord  
  88  5:38  Overlord  
  88  5:40  Zergling x4  
  90  5:43  Overlord  
  90  5:48  Spore Crawler  
  89  5:51  Overlord  
  89  5:53  Queen x2  
  89  5:55  Spire  
  92  5:58  Drone  
  92  6:00  Spore Crawler  
  92  6:02  Spore Crawler x2  
  87  6:06  Drone x5  
  87  6:09  Drone x3  
  92  6:12  Drone x2  
  92  6:15  Zerg Missile Weapons Level 1  
  92  6:16  Drone  
  92  6:18  Drone x2  
  97  6:20  Drone x2  
  97  6:24  Overlord  
  98  6:29  Zergling x4  
  98  6:32  Drone x5  
  103  6:33  Drone  
  104  6:40  Drone  
  104  6:41  Drone x2  
  104  6:47  Overseer  
  107  6:48  Overlord  
  107  6:49  Extractor x2  
  107  6:51  Drone x2  
  107  6:54  Drone  
  106  7:00  Overlord x2  
  106  7:01  Glial Reconstitution  
  106  7:04  Overlord x2  
  106  7:12  Drone x4  
  106  7:14  Hatchery  
  106  7:23  Corruptor x6  
  106  7:26  Zerg Flyer Weapons Level 1  
  118  7:35  Overlord  
  118  7:43  Overlord  
  117  7:45  Roach x10  
  117  7:46  Roach  
  117  7:47  Roach  
  139  7:51  Overlord x2  
  139  7:56  Overlord  
  139  8:01  Roach  
  139  8:02  Roach x5  
  151  8:11  Ravager  
  151  8:13  Ravager  
  151  8:18  Roach x8  
  164  8:21  Roach x4  
  164  8:24  Roach x2  
  169  8:29  Roach x3  
  169  8:31  Overlord  
  171  8:47  Roach x4  
  171  8:48  Hatchery, Extractor  
  169  8:52  Extractor  
  169  8:54  Ravager x9  
  169  8:56  Ravager x9  
  169  9:00  Roach x2  
  182  9:06  Drone x2  
  184  9:14  Roach x5  
  162  9:25  Zergling x20  
  162  9:28  Roach  
  141  9:32  Roach x2  
  141  9:33  Ravager  
  141  9:35  Roach  
  141  9:36  Ravager x4  
  141  9:37  Ravager  
  139  9:39  Roach  
  139  9:41  Roach x4  
  145  9:45  Roach  
  145  9:49  Roach  
Show
View Real Time Build Order
Export as new Build Order

Creator Protoss - Winner!

Build Orders: 1 Gate Expand, Oracle Opening, Archon Immortal 

Get SALT Encoding   

  12  0:00  Probe  
  13  0:13  Pylon  
  13  0:17  Probe (Chrono Boost)  
  14  0:27  Probe (Chrono Boost)  
  15  0:32  Probe (Chrono Boost)  
  16  0:38  Gateway  
  16  0:43  Probe  
  16  0:47  Assimilator  
  17  0:55  Probe  
  18  1:08  Probe  
  19  1:20  Probe  
  19  1:24  Nexus  
  20  1:34  Cybernetics Core  
  20  1:38  Probe  
  21  1:42  Assimilator  
  21  1:50  Probe  
  22  1:54  Pylon  
  22  2:02  Probe  
  23  2:09  Adept (Chrono Boost)  
  23  2:14  Probe  
  26  2:17  Stargate  
  26  2:26  Probe, Warp Gate  
  27  2:32  Adept  
  27  2:36  Probe  
  30  2:38  Probe (Chrono Boost)  
  31  2:48  Probe (Chrono Boost)  
  33  2:52  Void Ray (Chrono Boost)  
  33  2:56  Probe (Chrono Boost)  
  34  2:58  Probe (Chrono Boost)  
  34  3:03  Probe x2 (Chrono Boost)  
  40  3:10  Pylon  
  40  3:14  Probe  
  40  3:16  Gateway  
  40  3:17  Probe  
  42  3:26  Oracle (Chrono Boost), Probe  
  43  3:29  Probe  
  47  3:38  Probe  
  48  3:42  Probe  
  48  3:51  Probe  
  48  3:55  Nexus, Probe  
  50  3:57  Pylon  
  50  4:03  Probe (Chrono Boost), Assimilator  
  50  4:06  Assimilator  
  50  4:09  Stargate  
  52  4:12  Probe (Chrono Boost)  
  52  4:14  Phoenix  
  52  4:15  Probe (Chrono Boost)  
  55  4:23  Probe (Chrono Boost), Adept  
  59  4:24  Probe (Chrono Boost)  
  59  4:29  Probe  
  59  4:30  Shield Battery  
  60  4:33  Probe  
  61  4:38  Pylon  
  61  4:41  Probe  
  62  4:48  Pylon  
  62  4:51  Robotics Facility  
  62  4:56  Probe x2, Phoenix x2  
  68  5:04  Pylon  
  68  5:07  Adept  
  68  5:08  Probe x2, Adept  
  68  5:09  Probe  
  75  5:20  Phoenix (Chrono Boost)  
  75  5:21  Probe x2 (Chrono Boost)  
  78  5:22  Probe (Chrono Boost), Phoenix (Chrono Boost)  
  82  5:33  Probe x2 (Chrono Boost)  
  85  5:38  Twilight Council, Probe (Chrono Boost)  
  85  5:39  Forge  
  85  5:40  Probe (Chrono Boost)  
  85  5:41  Probe (Chrono Boost)  
  87  5:45  Probe  
  87  5:47  Immortal  
  92  5:51  Probe  
  92  5:52  Probe  
  92  5:54  Assimilator  
  92  5:55  Sentry, Assimilator  
  97  5:57  Probe  
  97  5:59  Pylon  
  97  6:09  Probe x3  
  100  6:13  Protoss Ground Weapons Level 1  
  100  6:15  Pylon  
  100  6:17  Charge  
  100  6:19  Gateway  
  100  6:21  Photon Cannon  
  100  6:22  Gateway  
  100  6:23  Sentry, Zealot  
  104  6:26  Robotics Facility  
  104  6:30  Immortal (Chrono Boost)  
  108  6:34  Pylon  
  108  6:44  Gateway x2  
  108  6:59  Gateway  
  108  7:00  Gateway  
  108  7:02  Gateway, Nexus  
  112  7:08  Immortal (Chrono Boost)  
  112  7:12  Immortal (Chrono Boost)  
  116  7:19  Pylon  
  116  7:21  Pylon, Probe x2  
  116  7:22  Probe  
  119  7:23  Pylon  
  119  7:35  Zealot x3  
  119  7:36  Warp Prism (Chrono Boost)  
  125  7:39  Pylon  
  125  7:40  Pylon  
  125  7:41  Pylon  
  125  7:43  Zealot x3  
  133  7:51  Templar Archives  
  131  7:54  Observer (Chrono Boost)  
  131  7:56  Zealot x5  
  142  8:02  Zealot  
  144  8:19  Zealot x8  
  154  8:29  Pylon  
  154  8:30  Pylon x2  
  154  8:32  Stalker  
  154  8:39  Stalker x4  
  156  8:45  High Templar x2  
  156  8:47  Immortal (Chrono Boost)  
  164  8:49  Immortal (Chrono Boost)  
  164  8:50  Archon  
  168  8:57  High Templar x2  
  168  9:01  Archon  
  172  9:03  High Templar x4  
  172  9:07  Archon  
  172  9:09  Archon  
  176  9:14  Zealot, Observer (Chrono Boost)  
  175  9:23  Zealot x2  
  161  9:30  Zealot  
  142  9:34  Zealot x2  
  142  9:35  Zealot x4  
  142  9:36  Probe x2  
  142  9:37  Probe x2  
  156  9:55  Zealot x7  
  156  9:56  Zealot x2  

Tags
 
Add a new tag
Caveats
  • Supply blocks, unpowered buildings, or Contaminate may cause inaccurate times.
  • Supply counts are checked every 10 seconds.